 Dungeon Crawl Stone Soup version 0.28-a0-537-g3bccd9ccbf (webtiles) character file.

Game seed: 16792219850566166863

370 freelancePsychic the Sneak (level 6, -1/36 HPs)
             Began as an Octopode Conjurer on Sept 27, 2021.
             Succumbed to a kobold brigand's poison
             ... in a sewer.
             The game lasted 00:08:38 (3615 turns).

freelancePsychic the Sneak (Octopode Conjurer)      Turns: 3615, Time: 00:08:39

Health: -1/36      AC:  1    Str:  6    XL:     6   Next: 70%
Magic:  10/10      EV: 13    Int: 22    God:
Gold:   47         SH:  0    Dex: 11    Spells: 8/11 levels left

rFire   . . .      SeeInvis .   (no weapon)
rCold   . . .      Faith    .   (no shield)
rNeg    . . .      Spirit   .   (helmet restricted)
rPois   .          Reflect  .   (no amulet)
rElec   .          Harm     .   (no ring)
rCorr   .          Rampage  .   (no ring)
Will    .....                   (no ring)
Stlth   +++++.....              (no ring)
HPRegen 0.12/turn               (no ring)
MPRegen 0.12/turn               (no ring)
                                (no ring)
                                (no ring)

@: mighty, lethally poisoned (-1 -> -7), very slightly contaminated, invisible
A: almost no armour, amphibious, 8 rings, camouflage 1, gelatinous body 1,
nimble swimmer 1, tentacles
a: no special abilities


You were in a sewer.
You visited 1 branch of the dungeon, and saw 3 of its levels.
You also visited: Sewer.

You collected 47 gold pieces.

Inventory:

Hand Weapons
 h - a +0 lajatang
Scrolls
 f - 2 scrolls of teleportation {@r4}
 g - a scroll of immolation {unknown}
Potions
 a - a potion of cancellation
 c - a potion of invisibility
 d - 2 potions of magic
 e - a potion of might


   Skills:
 - Level 2.0 Dodging
 + Level 6.7 Stealth
 - Level 3.0 Spellcasting
 + Level 5.9 Conjurations


You had 8 spell levels left.
You knew the following spells:

 Your Spells              Type           Power      Damage    Failure   Level
a - Magic Dart            Conj           100%       1d8       1%          1
b - Searing Ray           Conj           58%        2d6       1%          2

Your spell library contained the following spells:

 Spells                   Type           Power      Damage    Failure   Level
 Dazzling Flash           Conj/Hex       32%        N/A       11%         3
 Fulminant Prism          Conj/Hex       8%         3d7       36%         4
 Iskenderun's Mystic Bla  Conj/Tloc      16%        2d5       36%         4


Dungeon Overview and Level Annotations

Branches:
Dungeon (3/15)              Sewer (1/1)

Altars:
Gozag

Annotations:
D:3 2 transporters


Innate Abilities, Weirdness & Mutations

You cannot wear most types of armour.
You are amphibious.
You can wear up to eight rings at the same time.
Your skin changes colour to match your surroundings (Stealth+).
Your rubbery body absorbs attacks. (AC +1, EV +1)
You are camouflaged near water. (Stealth+)
You have tentacles for arms and can constrict up to eight enemies at once.


Message History

Aiming: Searing Ray (safe; 1% risk of failure)
Press: ? - help, Shift-Dir - straight line, f/p - kobold brigand
Aim: a kobold brigand, wielding a +1 vampiric dagger and quivering poisoned darts (moderately wounded, 74% to hit)
The searing ray hits the kobold brigand.
The kobold brigand is heavily wounded. (Press . to maintain the ray.)
You feel very sick.
The searing ray hits the kobold brigand.
The kobold brigand is severely wounded.
You feel very sick.
The searing ray hits the kobold brigand.
The kobold brigand is almost dead.
You feel very sick.
The kobold brigand throws a poisoned dart.
The poisoned dart hits you!
You are lethally poisoned!
The searing ray hits the kobold brigand!
You kill the kobold brigand!
You hear a splash. x2
The searing ray hits the kobold!
You kill the kobold!
You finish channelling your searing ray.
You feel very sick.
It was a potion of cancellation.
You feel magically purged.
* * * LOW HITPOINT WARNING * * *
You feel very sick.
It was a potion of invisibility.
You fade into invisibility!
* * * LOW HITPOINT WARNING * * *
You feel sick.
You are very lightly contaminated with residual magic.
It was a potion of magic.
Magic courses through your body.
* * * LOW HITPOINT WARNING * * *
You feel very sick.
It was a potion of might.
You feel very mighty all of a sudden.
* * * LOW HITPOINT WARNING * * *
You feel sick.
It was a potion of lignification.
You feel woody for a moment.
You die...

##### ###..∩# ##### #≈≈#
#...######...######## ##≈≈#
...#####........##..#.!#≈≈#
....##...........#.....#≈≈#
................))..KK##≈≈#
..........≈≈≈≈≈≈)#..K..#≈≈#
≈≈≈≈≈≈≈≈≈≈≈≈≈≈≈≈≈#..#.?#≈≈#
≈≈≈≈≈≈≈≈≈≈≈≈≈≈≈≈@#######≈≈#
≈≈≈≈≈≈≈≈≈≈≈≈≈≈≈≈≈≈≈≈≈≈≈≈≈≈#
≈≈≈≈≈≈≈≈≈≈≈≈≈≈≈≈≈≈≈≈≈≈≈≈≈≈#
≈≈≈≈≈≈≈≈≈≈≈≈≈≈≈≈≈≈≈≈≈≈≈≈≈≈#
≈≈≈≈≈≈≈≈≈≈≈≈≈≈≈≈≈≈≈≈≈≈≈≈≈≈#
.≈≈≈≈≈≈##≈≈≈≈≈≈≈≈≈≈≈≈≈≈≈≈≈#
........####≈≈≈≈≈≈≈≈≈≈≈≈≈≈#
..##.....##..≈≈≈≈#######≈≈#
.###..........≈≈≈#..#).#≈≈#


There were no monsters in sight!

Vanquished Creatures
  3 kobold brigands (Sewer)
  3 river rats (Sewer)
  5 adders
  A worm (D:2)
  2 dart slugs (D:1)
  2 endoplasms
  6 giant cockroaches
  3 goblins
  5 hobgoblins
  20 kobolds
  2 quokkas
  6 ball pythons
  7 bats
  4 frilled lizards
  24 rats
93 creatures vanquished.

Notes
Turn   | Place    | Note
-------+----------+-------------------------------------------
     0 | D:1      | freelancePsychic the Octopode Conjurer began the quest for
                  | the Orb.
     0 | D:1      | Reached XP level 1. HP: 11/11 MP: 3/3
   275 | D:1      | Reached skill level 3 in Stealth
   288 | D:1      | Reached XP level 2. HP: 17/17 MP: 3/5
   341 | D:1      | Learned a level 2 spell: Searing Ray
   827 | D:1      | Reached XP level 3. HP: 21/21 MP: 0/6
  1596 | D:2      | Reached skill level 4 in Stealth
  1674 | D:2      | You fall into a shaft and drop 1 floor!
  1739 | D:3      | Found an opulent altar of Gozag.
  1740 | D:3      | Noticed a bullfrog
  1742 | D:3      | Found a transporter.
  1761 | D:3      | Found a transporter.
  1784 | D:3      | Reached XP level 4. HP: 27/27 MP: 5/8
  1816 | D:3      | Found a glowing drain.
  1842 | Sewer    | Entered a sewer
  2131 | Sewer    | Noticed a kobold brigand
  2399 | Sewer    | Reached XP level 5. HP: 22/31 MP: 6/9
  2659 | Sewer    | Reached skill level 5 in Conjurations
  2709 | Sewer    | Reached skill level 5 in Stealth
  3208 | Sewer    | Noticed a kobold brigand
  3210 | Sewer    | Killed a kobold brigand
  3211 | Sewer    | Reached XP level 6. HP: 18/36 MP: 2/10
  3429 | Sewer    | Reached skill level 6 in Stealth
  3614 | Sewer    | HP: 1/36 [poisoned by a kobold brigand]
  3615 | Sewer    | Succumbed to a kobold brigand's poison

Illustrated notes

Levels and vault maps discovered:
D:1:      dpeg_arrival_stone_temple_mockup, layout_basic, roderic_roman_lattice,
          minmay_misc_feat_five
D:2:      layout_rooms, hellmonk_ecumenical_altar_defaced_shrine, basic_altar
D:3:      layout_loops_ring, gammafunk_temple_overflow_arena,
          portal_sewer_entry_a, kennysheep_generic_room_10, uniq_grinder
Sewer:    sewer_minmay_treatment

Skill      XL: |  1  2  3  4  5  6 |
---------------+-------------------+-----
Stealth        | 3 4 5 6 |  6.7
Spellcasting   | 3 |  3.0
Conjurations   | 5 |  5.9
Dodging        | |  2.0

Action                   |  1- 3 |  4- 6 || total
-------------------------+-------+-------++-------
Melee: Unarmed           |    20 |    14 ||    34
       Constrict         |     8 |     4 ||    12
       Tentacles         |     3 |     1 ||     4
 Cast: Magic Dart        |    36 |    43 ||    79
       Searing Ray       |    15 |    24 ||    39
  Use: Scroll            |       |     1 ||     1
       Potion            |       |     5 ||     5
 Stab: Sleeping          |     2 |       ||     2
       Distracted        |     1 |       ||     1
Armor: Skin              |     1 |     5 ||     6
Dodge: Dodged            |    10 |    24 ||    34

Table legend: (Time is in decaauts)
 A = Elapsed time spent in this place.
 B = Non-inter-level travel time spent in this place.
 C = Inter-level travel time spent in this place.
 D = Time resting spent in this place.
 E = Time spent auto-exploring this place.
 F = Levels seen in this place.
 G = Mean time per level.
                   A        B        C        D        E       F      G
               +--------+--------+--------+--------+--------+-----+--------+
         Total |   3615 |   3577 |     38 |    330 |   2441 |   4 |  903.8 |
       Dungeon |   1842 |   1804 |     38 |     16 |   1420 |   3 |  614.0 |
         Sewer |   1772 |   1772 |      0 |    314 |   1021 |   1 | 1772.0 |
               +--------+--------+--------+--------+--------+-----+--------+

Top non-repeatable levels by time:
   Sewer: 1772 daAuts
     D:1: 1414 daAuts
     D:2: 260 daAuts
     D:3: 167 daAuts
